 Dungeon Crawl Stone Soup version 0.16-a0-3724-gf14d081 (webtiles) character file.

10356207 Johnny the Meteorologist (level 27, 204/220 (221) HPs)
             Began as a High Elf Artificer on Jan 19, 2015.
             Was a High Priest of Zin.
             Escaped with the Orb
             ... and 15 runes on Jan 21, 2015!
             The game lasted 09:44:02 (162297 turns).

Johnny the Meteorologist (High Elf Artificer)     Turns: 162297, Time: 09:44:02

HP:   204/220 (221) AC: 27    Str: 32    XL:     27
MP:   40/49         EV: 45    Int: 25    God:    Zin [*****.]
Gold: 8701          SH: 10    Dex: 41    Spells: 16 memorised, 16 levels left

rFire  + + +     SeeInvis .     z - +9 eudemon blade (holy)
rCold  + + +     Clarity  .     I - +2 scale mail "Zepaapru" {rC++ rN++}
rNeg   + + +     SustAb   +     W - +3 buckler "Rafab" {rPois+ rF+ Regen+ Dex-3 Stlth+}
rPois  ∞         Gourm    +     b - +2 hat {MR+}
rElec  +         Spirit   .     r - +2 cloak {MR+}
rCorr  +         Warding  .     s - +2 pair of gloves
rMut   .         Stasis   .     F - +2 pair of boots
MR     ++++.                    v - amulet of the Median {Gourm rF+ rC++ Str+2 Slay+5}
Stlth  ++........               t - ring "Igramat" {+cTele rC+ rN+ Slay+5}
                                x - ring of Yteanlel {SustAb rF+ Dex+4}

@: mighty, agile, vitalised, resistant, flying, contaminated, hasted, glowing,
very quick, incredibly resistant to hostile enchantments, unstealthy
A: no striking features
a: Recite, Vitalisation, Imprison, Sanctuary, Renounce Religion, Evoke Teleport
Control
0: Orb of Zot
}: 15/15 runes: decaying, serpentine, slimy, silver, golden, iron, obsidian,
icy, bone, abyssal, demonic, glowing, magical, fiery, dark


You escaped.
You worshipped Zin.
Zin was extremely pleased with you.
You were not hungry.

You visited 18 branches of the dungeon, and saw 97 of its levels.
You visited Pandemonium 3 times, and saw 23 of its levels.
You visited the Abyss 4 times.
You also visited: Trove.

You collected 19245 gold pieces.
You spent 9352 gold pieces at shops.
You donated 1192 gold pieces to Zin.

Inventory:

Hand weapons
 z - a +9 eudemon blade of holy wrath (weapon)
Armour
 b - a +2 hat of magic resistance (worn)
 k - the -4 plate armour "Umelogh" {Regen+ rCorr HP+9, unknown}
   (You bought it in a shop on level 8 of the Dungeon)

   It affects your health (+9).
   It increases your rate of regeneration.
   It protects you from acid and corrosion.
 r - a +2 cloak of magic resistance (worn)
 s - a +2 pair of gloves (worn)
 C - the cursed +5 scale mail of the Eleven Runes {rElec rPois+ Dex-3 Stlth+}
   (You found it on level 2 of the Depths)

   It affects your dexterity (-3).
   It insulates you from electricity.
   It protects you from poison.
   It makes you more stealthy.
   It has a curse placed upon it.
 F - a +2 pair of boots (worn)
 I - the +2 scale mail "Zepaapru" (worn) {rC++ rN++}
   (You bought it in a shop on level 3 of the Depths)

   It greatly protects you from cold.
   It greatly protects you from negative energy.
 W - the +3 buckler "Rafab" (worn) {rPois+ rF+ Regen+ Dex-3 Stlth+}
   (You bought it in a shop on level 3 of the Depths)

   It affects your dexterity (-3).
   It protects you from fire.
   It protects you from poison.
   It increases your rate of regeneration.
   It makes you more stealthy.
Jewellery
 t - the ring "Igramat" (right hand) {+cTele rC+ rN+ Slay+5}
   (You bought it in a shop on level 4 of the Dungeon)

   [ring of teleport control]

   It can be evoked for teleport control.
   It affects your accuracy and damage with ranged weapons and melee attacks
   (+5).
   It protects you from cold.
   It protects you from negative energy.
 v - the amulet of the Median (around neck) {Gourm rF+ rC++ Str+2 Slay+5}
   (You bought it in a shop on level 4 of the Dungeon)

   [amulet of the gourmand]

   It allows you to eat raw meat even when not hungry.
   It affects your strength (+2).
   It affects your accuracy and damage with ranged weapons and melee attacks
   (+5).
   It protects you from fire.
   It greatly protects you from cold.
 x - the ring of Yteanlel (left hand) {SustAb rF+ Dex+4}
   (You bought it in a shop on level 4 of the Dungeon)

   [ring of sustain abilities]

   It sustains your strength, intelligence and dexterity.
   It affects your dexterity (+4).
   It protects you from fire.
Magical devices
 c - a wand of hasting (5)
 o - a wand of invisibility (5)
 G - a wand of teleportation (3)
 N - a wand of heal wounds (0)
 U - a wand of digging (5)
Scrolls
 a - 24 scrolls of remove curse
 m - 8 scrolls of magic mapping
 p - 2 scrolls of brand weapon
 w - 3 scrolls of fear
 A - 4 scrolls of holy word
 D - 4 scrolls of silence
 O - 15 scrolls of enchant armour
 R - 9 scrolls of blinking
 T - a scroll of teleportation
 X - 14 scrolls of fog
Potions
 e - 4 potions of haste
 g - a potion of agility
 i - 6 potions of flight
 j - 12 potions of brilliance
 n - 6 potions of restore abilities
 H - 6 potions of magic
 L - 5 potions of resistance
 V - 4 potions of ambrosia
Miscellaneous
 d - a sack of spiders {used: 3}
 l - a sack of spiders
 B - 5 phials of floods
 J - 4 lamps of fire
 Q - 5 fans of gales
 S - 6 stones of tremors
Comestibles
 f - 26 bread rations
 q - 15 meat rations


   Skills:
 * Level 26.5 Fighting
   Level 3.2(18.9) Short Blades
 O Level 27 Long Blades
 * Level 21.5 Armour
 + Level 25.8 Dodging
 * Level 23.3 Stealth
 + Level 24.6 Spellcasting
 - Level 5.5 Hexes
 + Level 15.6 Charms
 - Level 7.2 Translocations
 O Level 27 Air Magic
 O Level 27 Invocations
 + Level 18.9 Evocations


You had 16 spell levels left.
You knew the following spells:

 Your Spells              Type           Power        Failure   Level  Hunger
a - Blink                 Tloc           N/A          1%          2    None
b - Shroud of Golubria    Chrm/Tloc      ######....   1%          2    None
c - Haste                 Chrm           #######.     1%          6    None
d - Confusing Touch       Hex            ######       1%          2    None
e - Deflect Missiles      Chrm/Air       #######...   1%          6    None
f - Cause Fear            Hex            ######....   2%          4    None
g - Repel Missiles        Chrm/Air       ######       0%          2    None
h - Flight                Chrm/Air       #######...   0%          3    None
i - Swiftness             Chrm/Air       #######.     0%          2    None
j - Apportation           Tloc           ######....   1%          1    None
k - Tornado               Air            ########..   12%         9    ######.
l - Summon Butterflies    Summ           ####....     2%          1    None
m - Invisibility          Hex            ######..     45%         6    None
n - Mass Confusion        Hex            ######....   45%         6    None
o - Cure Poison           Pois           ####......   4%          2    None
p - Silence               Hex/Air        #######...   1%          5    None


Dungeon Overview and Level Annotations

Branches:
Dungeon (15/15)            Temple (1/1) D:5            Lair (8/8) D:8
  Swamp (5/5) Lair:3        Snake (5/5) Lair:3        Slime (6/6) Lair:6
    Orc (4/4) D:12            Elf (3/3) Orc:4        Vaults (5/5) D:14
  Crypt (3/3) Vaults:2       Tomb (3/3) Crypt:3      Depths (5/5) D:15
   Hell (1/1)                 Dis (7/7) Hell            Geh (7/7) Hell
    Coc (7/7) Hell            Tar (7/7) Hell            Zot (5/5) Depths:5

Altars:
Ashenzari
Cheibriados
Dithmenos
Elyvilon
Gozag
Kikubaaqudgha
Makhleb
Nemelex Xobeh
Qazlal
Ru
Sif Muna
Trog
Xom
Zin
The Shining One
Beogh
Jiyva

Shops:
D:4 *=}(=   D:8 *   D:12 *   D:15 *   Orc:4 ==[*(   Elf:3 *   Vaults:4 !
Depths:3 [[

Portals:
Hell: Depths:1 Depths:2 Depths:3 Depths:4 Depths:5
Abyss: Depths:2 Depths:4
Pandemonium: Depths:1 Depths:3
Ziggurat: Depths:3

Annotations:
Lair:6 runed door
Swamp:5 Lernaean hydra
Elf:2 runed door


Message History

Drink which item? (? for menu, Esc to quit)
You feel more buoyant.
Drink which item? (? for menu, Esc to quit)
You feel yourself speed up.
A chaos spawn comes into view.
Drink which item? (? for menu, Esc to quit)
You feel protected.
The chaos spawn shouts!
A rust devil comes into view.
Drink which item? (? for menu, Esc to quit)
Okay, then.
Use which ability? (? or * to list) Zin grants you divine stamina.
You feel somewhat less hungry.
The chaos spawn moves out of view.
Unknown command.
Wear which item? (? for menu, Esc to quit)
Okay, then.
Put on which piece of jewellery? (? for menu, Esc to quit)
Okay, then.
You have escaped!

...##### ##.#####.##..........##
..## #..####.............#.
.##### ###4.......#...........
##...######......>............###
..............................###
##..>........≈≈≈≈≈≈≈.............
#......##..≈≈.....≈≈..#.####..##
#....##..3≈≈....♣..≈≈...## ##..#
#...###..≈≈.♣..@.8..≈≈...####...
#...# #..≈..8........≈......#...
#...# #..≈...........≈...##.....
##...###..≈≈.........≈≈....###...
...........≈≈....8..≈≈...#.# #)..
#########...≈≈....♣≈≈5...#.# #...
# ##...≈≈≈.≈≈≈....##.# #...
#....).......#.##.######
#..............##..#####


You could see a rust devil, a chaos spawn and a shadow imp.

Vanquished Creatures
  Antaeus (Coc:7)
  Asmodeus (Geh:7)
  Cerebov (Pan)
  the Serpent of Hell (Dis:7)
  the royal jelly (Slime:6)
  Dissolution (Slime:6)
  Ereshkigal (Tar:7)
  Gloorx Vloq (Pan)
  A seraph (Pan)
  Mnoleg (Pan)
  Dispater (Dis:7)
  Lom Lobon (Pan)
  Khufu (Tomb:3)
  3 orbs of fire (Zot:5)
  9 ancient liches
  27 greater mummies
  Boris (Depths:4)
  Margery (Depths:3)
  3 caustic shrikes
  Norris (Elf:2)
  Saint Roka (Snake:4)
  6 shard shrikes
  2 curse toes
  Mennas (Depths:3)
  7 Killer Klowns
  8 golden dragons
  Geryon (Hell)
  Jory (Tomb:3)
  2 profane servitors
  2 pearl dragons (Pan)
  Frederick (Depths:4)
  10 bone dragons
  the Enchantress (Depths:1)
  A shard shrike zombie (Crypt:1)
  23 Brimstone Fiends
  4 electric golems
  10 pandemonium lords
  2 hellephants
  13 tentacled monstrosities
  23 Ice Fiends
  25 Orb Guardians
  Vashnia (Snake:4)
  12 liches
  14 Hell Sentinels
  8 titans
  2 deep elf master archers (Elf:3)
  2 deep elf blademasters (Elf:3)
  24 acid blobs
  7 quicksilver dragons
  24 Shadow Fiends
  5 thorn hunters
  14 sphinxes
  31 Executioners
  2 octopode crushers (Depths:2)
  Agnes (Crypt:1)
  4 ancient champions
  13 storm dragons
  13 shadow dragons
  Kirke (D:14)
  16 tentacled starspawn
  Frances (Snake:2)
  2 revenants
  2 draconian monks (Zot:5)
  11 tengu reavers
  18 azure jellies
  11 greater nagas (Snake:5)
  23 daevas (Pan)
  5 corrupters (Pan)
  15 fire giants
  Donald (Crypt:1)
  2 orc warlords
  Wiglaf (Elf:3)
  2 ghost moths (Zot:5)
  28 balrugs
  11 frost giants
  23 vault wardens
  2 draconian scorchers
  21 cacodemons
  15 iron dragons
  5 draconian knights
  3 curse skulls
  5 emperor scorpions
  19 deep elf sorcerers
  4 draconian zealots
  63 reapers
  11 warmongers (Pan)
  18 war gargoyles
  5 draconian shifters
  11 draconian annihilators
  39 angels (Pan)
  9 ghouls
  28 stone giants
  5 spriggan defenders
  15 ironheart preservers
  39 apis (Pan)
  21 ophanim (Pan)
  15 grey draconians
  18 very ugly things
  5 elemental wellsprings
  10 green draconians
  2 draconian callers
  9 chaos champions (Pan)
  12 deep elf annihilators
  5 black draconians
  8 salamander firebrands
  13 lorocyprocas
  9 deep elf demonologists
  9 purple draconians
  6 red draconians
  8 eidola
  8 white draconians
  12 mottled draconians
  6 yellow draconians
  5 bennus
  5 dire elephants
  8 vampire knights
  10 blood saints (Pan)
  6 black suns (Pan)
  9 pale draconians
  3 unborn
  4 minotaurs
  14 ettins
  Snorg (Orc:1)
  A crystal guardian (D:14)
  11 deep elf high priests
  15 green deaths
  32 blizzard demons
  19 yaktaur captains
  24 mummy priests
  5 quicksilver dragon zombies
  7 deep elf death magi
  25 fire dragons
  5 death oozes
  20 hell beasts
  31 vault guards
  Josephine (D:14)
  20 great orbs of eyes
  2 merfolk impalers (Depths:2)
  2 kraken zombies
  14 rakshasas
  3 quicksilver dragon skeletons
  Harold (D:13)
  27 ice dragons
  2 jiangshi (Crypt:3)
  6 death cobs
  19 hydras
  16 naga warriors
  4 spriggan air magi
  10 monstrous demonspawn (Pan)
  10 centaur warriors
  8 deep troll earth magi
  9 ghost crabs
  16 dancing weapons
  6 alligators
  21 ogre magi
  A spectral fire giant (Tar:7)
  25 anacondas
  A death knight (Crypt:2)
  14 deep troll shamans
  A merfolk aquamancer (Depths:3)
  3 orc high priests
  6 spriggan berserkers
  6 titan zombies
  20 naga sharpshooters
  37 soul eaters
  Urug (Elf:1)
  41 thrashing horrors
  40 death yaks
  A spectral storm dragon (Tar:7)
  10 hell hogs
  11 shock serpents
  3 storm dragon zombies
  11 iron golems
  A fire crab (Vaults:4)
  19 shadow wraiths
  4 catoblepae
  9 wretched stars
  54 sun demons
  12 iron trolls
  6 vampire magi
  4 titan skeletons
  21 deep elf knights
  29 hell knights
  4 fire crabs (shapeshifter)
  4 salamander mystics
  6 spatial maelstroms
  110 death scarabs
  12 infernal demonspawn (Pan)
  10 swamp dragons
  A swamp dragon (shapeshifter) (D:15)
  6 sea snakes
  25 cherubim (Pan)
  115 skeletal warriors
  14 gelid demonspawn (Pan)
  2 spriggan druids
  4 storm dragon skeletons
  4 golden dragon zombies
  11 anaconda zombies
  6 giant orange brains
  A spectral wolf spider (Tar:7)
  A deep troll (shapeshifter) (Vaults:4)
  31 deep trolls
  12 unseen horrors
  12 flayed ghosts
  3 death drakes
  12 deep elf summoners
  78 large abominations
  31 ice devils
  An ice statue (Zot:5)
  A death drake (shapeshifter) (Abyss:4)
  25 putrid demonspawn (Pan)
  7 shadow dragon zombies
  19 orc knights
  2 ghost moth zombies
  11 torturous demonspawn (Pan)
  10 anubis guards
  9 wizards
  15 shadow demons
  7 naga ritualists
  5 shambling mangroves
  14 necromancers
  A deathcap (Zot:4)
  An orb spider (shapeshifter) (Depths:1)
  8 hill giants
  7 anaconda skeletons
  17 deep elf conjurers
  5 golden dragon skeletons
  2 manticores
  4 orc sorcerers
  3 wolf spider zombies
  An octopode zombie (Depths:2)
  13 harpies
  6 wolf spiders
  4 griffons
  4 iron dragon zombies
  17 ironbrand convokers
  A spectral ice dragon (Tar:7)
  17 mana vipers
  4 shining eyes
  3 fire giant zombies
  An octopode (shapeshifter) (Elf:1)
  48 ugly things
  4 frost giant zombies
  5 stone giant zombies
  2 water nymphs (Abyss:4)
  5 worldbinders
  5 shadow dragon skeletons
  45 sixfirhies
  A toenail golem (Pan)
  12 phantasmal warriors
  10 cyclopes
  17 moths of wrath
  17 fire giant skeletons
  A black mamba (shapeshifter) (Depths:4)
  24 salamanders
  A cyclops (shapeshifter) (Vaults:5)
  66 rust devils
  A salamander (shapeshifter) (D:15)
  5 dire elephant zombies
  5 iron dragon skeletons
  A shining eye (shapeshifter) (Depths:3)
  The ghost of Meriados the Insei, an experienced OpTm of Cheibriados (D:6)
  49 black mambas
  6 hornets
  2 hornets (shapeshifter)
  6 frost giant skeletons
  21 elephants
  2 centaur zombies
  23 small abominations
  11 guardian serpents
  2 stone giant skeletons
  43 orange demons
  28 spiny frogs
  A shock serpent zombie (Dis:5)
  11 vault sentinels
  3 titan simulacra
  9 gargoyles
  3 torpor snails
  10 molten gargoyles (Geh:7)
  3 apocalypse crabs
  An eye of devastation (Slime:4)
  63 smoke demons
  A mottled draconian zombie (Crypt:2)
  5 efreet
  A dire elephant skeleton (Coc:7)
  Psyche (Orc:2)
  15 naga magi
  7 komodo dragons
  16 demonic crawlers
  A shock serpent skeleton (Pan)
  2 storm dragon simulacra
  An emperor scorpion zombie (Tar:7)
  An elf (shapeshifter) (Abyss:1)
  34 tormentors
  2 yaktaur zombies
  A yaktaur (shapeshifter) (Vaults:4)
  4 kobold demonologists
  59 yaktaurs
  38 hellwings
  31 hellions
  An anaconda simulacrum (Coc:7)
  A golden dragon simulacrum (Coc:5)
  25 deep elf priests
  50 guardian mummies
  4 silent spectres
  A grey draconian skeleton (Dis:7)
  A wolf spider simulacrum (Tomb:2)
  2 green draconian skeletons (Zot:2)
  2 minotaur zombies
  6 ancient zymes (Abyss:4)
  4 harpy zombies
  A pale draconian skeleton (Zot:2)
  8 fire drakes
  6 giant leeches
  37 blue devils
  A polar bear (shapeshifter) (D:15)
  44 freezing wraiths
  6 tengu conjurers
  21 trolls
  18 hydra zombies
  3 catoblepas zombies
  31 two-headed ogres
  43 red devils
  8 harpy skeletons
  A raven (shapeshifter) (Depths:2)
  A jumping spider (shapeshifter) (D:15)
  3 polar bears
  8 hydra skeletons
  121 slime creatures
  2 baby alligators (shapeshifter)
  6 bog bodies
  4 alligator zombies
  18 ravens
  A minotaur skeleton (Tar:7)
  42 raiju
  11 ushabtiu
  3 catoblepas skeletons
  6 ettin zombies
  8 boulder beetles
  3 trapdoor spider zombies
  14 blink frogs
  A deep troll zombie (Depths:3)
  4 fire dragon zombies
  A stone giant simulacrum (Coc:7)
  9 air elementals
  4 basilisks
  9 ettin skeletons
  10 spriggans
  3 black mamba zombies
  32 ynoxinuls
  A spectral black mamba (Tar:7)
  8 ice dragon zombies
  2 wandering mushrooms (Vaults:4)
  9 fire dragon skeletons
  158 flying skulls
  50 yaks
  30 water elementals
  3 alligator skeletons
  4 ice dragon skeletons
  42 wraiths
  3 wyverns
  7 fire elementals
  4 centaur simulacra
  4 golden eyes
  A yak (shapeshifter) (Vaults:3)
  35 neqoxecs
  20 vampires
  6 redbacks
  A redback (shapeshifter) (Vaults:5)
  28 deep elf magi
  12 hippogriffs
  8 killer bees
  A golden eye (shapeshifter) (Vaults:4)
  A hog (Vaults:4)
  35 shadows
  15 chaos spawn
  A yaktaur simulacrum (Vaults:1)
  A spectral yaktaur (Tomb:1)
  A warg (shapeshifter) (Vaults:5)
  9 hungry ghosts
  2 wargs
  A tarantella (Vaults:4)
  47 deep elf fighters
  An elf skeleton (Vaults:5)
  25 swamp worms
  2 hippogriffs (shapeshifter)
  19 spatial vortices
  2 mottled dragons
  32 vampire mosquitoes
  3 soldier ants
  14 insubstantial wisps
  54 nagas
  14 wolves
  A spectral snapping turtle (Tar:7)
  A merfolk zombie (Dis:4)
  6 hydra simulacra
  A soldier ant (shapeshifter) (Depths:4)
  22 swamp drakes
  6 spiny frog zombies
  5 spiny frog skeletons
  12 ice beasts
  A putrid demonspawn skeleton (Coc:7)
  30 hell hounds
  7 snapping turtle zombies
  44 water moccasins
  A deep dwarf (shapeshifter) (Vaults:3)
  15 eyes of draining
  74 ogres
  51 orc warriors
  7 phantoms
  2 swamp dragon zombies
  2 water moccasins (shapeshifter)
  An elf simulacrum (Depths:1)
  12 porcupines
  15 wasps
  A manticore zombie (Coc:7)
  3 black bears
  An eye of draining (shapeshifter) (Vaults:4)
  3 manticore skeletons
  21 necrophages
  9 sky beasts
  8 boggarts
  A fire dragon simulacrum (Coc:5)
  4 snapping turtle skeletons
  17 centaurs
  An elephant skeleton (Crypt:1)
  A boring beetle (shapeshifter) (Vaults:2)
  An ice dragon simulacrum (Abyss:3)
  4 swamp dragon skeletons
  Sigmund (D:7)
  Duvessa (Orc:1)
  7 big kobolds
  A giant frog (shapeshifter) (Depths:2)
  3 lost souls
  3 brain worms
  12 crocodiles
  19 giant frogs
  A salamander skeleton (Crypt:1)
  A spiny frog simulacrum (Coc:5)
  2 earth elementals
  A dryad skeleton (Crypt:2)
  A scorpion (shapeshifter) (Depths:2)
  2 elf zombies
  3 scorpions
  2 wyvern skeletons
  39 jellies
  A vampire bat (Vaults:4)
  An orc simulacrum (Vaults:2)
  52 wights
  A troll skeleton (Geh:7)
  A snapping turtle simulacrum (Coc:2)
  3 goliath beetles
  7 electric eels
  2 lava snakes (Snake:5)
  19 starcursed masses
  Dowan (Orc:1)
  19 crimson imps
  3 human simulacra
  4 quasits
  4 giant frog zombies
  The ghost of ConnectionFaild the Charlatan, a weakling SpAr (D:4)
  3 giant frog skeletons
  A gnoll shaman (D:9)
  5 hell rats
  5 human zombies
  45 iron imps
  23 orc priests
  10 centaur skeletons
  3 human skeletons
  6 hounds
  38 orc wizards
  9 iguanas
  2 two-headed ogre skeletons (Depths:2)
  3 lightning spires (Vaults:4)
  10 worker ants
  4 ogre zombies
  36 sheep
  Ijyb (D:4)
  2 ogre skeletons
  A naga skeleton (Coc:1)
  A tengu skeleton (Pan)
  A worker ant zombie (D:5)
  69 mummies
  13 gnolls
  26 adders
  A scorpion zombie (Crypt:1)
  12 shadow imps
  A steam dragon skeleton (Crypt:1)
  58 river rats
  17 white imps
  5 worms
  2 giant eyeballs (Depths:3)
  63 ufetubi
  A lava snake zombie (Crypt:2)
  5 orc skeletons
  7 giant geckos
  4 oozes
  217 orcs
  2 bat zombies
  30 goblins
  23 hobgoblins
  17 jackals
  36 kobolds
  25 bats
  11 giant cockroaches
  A giant cockroach zombie (D:6)
  A giant mite zombie (Crypt:2)
  5 giant newts
  A giant spore (D:13)
  A hobgoblin zombie (D:9)
  A jackal zombie (D:5)
  18 quokkas
  2 quokka skeletons
  13 rats
  A ballistomycete (D:13)
  A briar patch (Abyss:4)
  8 crawling corpses
  3 fungi
  6 grand avatars (Pan)
  43 pillars of salt
  2 plants
  18 starspawn tentacles
  2 tentacles (Hell)
  A tentacle segment (Hell)
6402 creatures vanquished.

Vanquished Creatures (collateral kills)
  An Orb Guardian (Zot:5)
  An angel (Pan)
  A very ugly thing (Vaults:4)
  An ophan (Pan)
  A bennu (Tomb:1)
  A dire elephant (Depths:2)
  A hydra (Swamp:5)
  A death scarab (Tomb:1)
  A fire giant skeleton (Coc:2)
  A moth of wrath (Zot:5)
  An anaconda simulacrum (Coc:7)
  A freezing wraith (Coc:7)
  2 flying skulls (Tomb:1)
  4 water elementals
  A naga (Snake:2)
  A centaur (D:9)
  3 killer bees
  Terence (D:3)
  2 orcs (D:6)
  A goblin (D:6)
  A hobgoblin (D:8)
  A giant newt (D:6)
  3 pillars of salt
32 creatures vanquished.

Vanquished Creatures (others)
  A pandemonium lord (Pan)
  A lich (Depths:2)
  An Orb Guardian (Zot:5)
  2 eldritch tentacles
  A thorn hunter (Swamp:5)
  A storm dragon (Zot:4)
  A daeva (Pan)
  2 draconian scorchers
  A vault warden (Vaults:5)
  An elemental wellspring (Coc:6)
  An apis (Pan)
  A purple draconian (Zot:2)
  2 vault guards (Vaults:5)
  A deep troll earth mage (Depths:3)
  An ogre mage (Vaults:4)
  A thrashing horror (Abyss:4)
  A wretched star (Abyss:4)
  3 ball lightnings
  An unseen horror (Tar:7)
  A shadow dragon zombie (Geh:6)
  2 necromancers
  A dire elephant zombie (Geh:7)
  A smoke demon (Pan)
  4 moths of wrath (Zot:5)
  A naga mage (Snake:5)
  A vault sentinel (Vaults:5)
  A harpy zombie (Geh:7)
  14 air elementals
  A tormentor (Dis:7)
  A raven (Swamp:4)
  4 fire elementals
  2 raiju
  A slime creature (Slime:3)
  2 trapdoor spiders (Tomb:1)
  3 humans (D:14)
  4 yaks (D:9)
  14 water elementals
  A deep elf fighter (Depths:3)
  A neqoxec (Abyss:4)
  A vampire mosquito (Vaults:2)
  6 spiders (Tomb:1)
  2 ogres
  A swamp drake (Swamp:5)
  A boggart (Depths:2)
  3 killer bees
  8 lost souls
  An earth elemental (Swamp:5)
  A giant frog (D:9)
  An orc priest (D:3)
  A worker ant (D:9)
  A gnoll shaman (D:9)
  2 orc wizards
  A sheep (D:14)
  2 adders (D:9)
  4 orcs
  A hobgoblin (D:9)
  A kobold (D:9)
  A lurking horror (Abyss:4)
  6 butterflies (Pan)
  150 eldritch tentacle segments
  19 fungi
  186 pillars of salt
  9 plants
  23 starspawn tentacles
  256 starspawn tentacle segments
  6 tentacles
  259 tentacle segments
1037 creatures vanquished.

Grand Total: 7471 creatures vanquished

Notes
Turn   | Place    | Note
--------------------------------------------------------------
     0 | D:1      | Johnny, the High Elf Artificer, began the quest for the Orb.
     0 | D:1      | Reached XP level 1. HP: 13/13 MP: 2/2
    78 | D:1      | Reached XP level 2. HP: 15/18 MP: 4/4
   439 | D:1      | Reached skill level 1 in Armour
  1059 | D:2      | Reached XP level 3. HP: 16/23 MP: 6/6
  1612 | D:2      | Reached XP level 4. HP: 2/29 MP: 9/9
  2203 | D:2      | Found a stormy altar of Qazlal.
  2349 | D:2      | Found a shadowy altar of Dithmenos.
  2940 | D:3      | Noticed Terence
  2951 | D:3      | Killed Terence
  2951 | D:3      | Reached XP level 5. HP: 23/35 MP: 10/10
  3118 | D:3      | Reached skill level 4 in Dodging
  3859 | D:4      | Noticed a phantom
  3885 | D:4      | Killed a phantom
  3885 | D:4      | Reached XP level 6. HP: 24/42 MP: 13/13
  4021 | D:4      | Noticed ConnectionFaild's ghost (weakling SpAr)
  4024 | D:4      | Killed ConnectionFaild's ghost
  4073 | D:4      | Found Trifax's Antique Weapon Boutique.
  4100 | D:4      | Bought a glowing great sword for 162 gold pieces
  4149 | D:4      | Found Leyfoec's General Store.
  4155 | D:4      | Bought a scroll of teleportation for 33 gold pieces
  4155 | D:4      | Bought a scroll of identify for 22 gold pieces
  4157 | D:4      | Found Qih Isch's Jewellery Shop.
  4162 | D:4      | Found Xitaigor's Gadget Boutique.
  4224 | D:4      | Found Ziupoeki's Jewellery Shop.
  4243 | D:4      | Reached skill level 5 in Dodging
  4588 | D:4      | Reached skill level 1 in Long Blades
  4630 | D:4      | Reached XP level 7. HP: 26/48 MP: 15/15
  5034 | D:4      | Noticed Ijyb
  5040 | D:4      | Killed Ijyb
  5200 | D:5      | Entered Level 5 of the Dungeon
  5418 | D:5      | Found a staircase to the Ecumenical Temple.
  5425 | Temple   | Entered the Ecumenical Temple
  5432 | Temple   | Became a worshipper of Zin the Law-Giver
  5432 | Temple   | Acquired Zin's first power
  5540 | D:5      | Found a sparkling altar of Nemelex Xobeh.
  5588 | D:5      | Reached skill level 6 in Dodging
  6071 | D:6      | Noticed Meriados' ghost (experienced OpTm)
  6082 | D:6      | Killed Meriados' ghost
  6082 | D:6      | Reached skill level 5 in Fighting
  6082 | D:6      | Reached skill level 7 in Dodging
  6082 | D:6      | Reached XP level 8. HP: 28/56 MP: 17/17
  7079 | D:7      | Noticed Sigmund
  7086 | D:7      | Killed Sigmund
  7153 | D:7      | Reached XP level 9. HP: 42/63 MP: 18/18
  7418 | D:7      | Acquired Zin's second power
  7432 | D:7      | Reached skill level 5 in Long Blades
  7432 | D:7      | Reached skill level 8 in Dodging
  8125 | D:8      | Found an opulent altar of Gozag.
  8436 | D:8      | Found a staircase to the Lair.
  8531 | D:8      | Found Wiocwiremp's Assorted Antiques.
  9075 | D:9      | Reached skill level 5 in Armour
  9077 | D:9      | Reached skill level 9 in Dodging
  9105 | D:9      | Found a shimmering altar of Xom.
  9132 | D:9      | Acquired Zin's third power
  9326 | D:9      | Reached XP level 10. HP: 43/72 MP: 20/20
  9420 | D:9      | Noticed a two-headed hydra
  9627 | D:9      | Found a bloodstained altar of Trog.
 10536 | Lair:1   | Entered Level 1 of the Lair of Beasts
 10543 | Lair:1   | Reached skill level 10 in Dodging
 11802 | Lair:2   | Reached skill level 1 in Invocations
 12008 | Lair:2   | Reached XP level 11. HP: 73/80 MP: 21/21
 12140 | Lair:2   | Got a turquoise-encrusted chain mail
 12152 | Lair:2   | Identified the -7 chain mail "Raaj" {-Cast +Inv rF++ rC+ Regen+} (You found it on level 2 of the Lair of Beasts)
 12375 | Lair:2   | Acquired Zin's fourth power
 12706 | Lair:3   | Found a staircase to the Swamp.
 12805 | Lair:3   | Reached skill level 11 in Dodging
 13080 | Lair:3   | Found a staircase to the Snake Pit.
 13244 | Lair:3   | Reached skill level 10 in Fighting
 14203 | D:10     | Entered Level 10 of the Dungeon
 14656 | D:10     | Killed an unseen horror
 15651 | D:11     | Noticed a skeletal warrior
 15651 | D:11     | Noticed a skeletal warrior
 15689 | D:10     | Killed a skeletal warrior
 16105 | D:11     | Noticed an eight-headed hydra
 16338 | D:11     | Reached skill level 12 in Dodging
 16338 | D:11     | Reached XP level 12. HP: 65/90 MP: 23/23
 16583 | D:11     | Noticed a skeletal warrior
 17289 | D:12     | Found Miarun's General Store.
 18136 | D:12     | Found a staircase to the Orcish Mines.
 18184 | Orc:1    | Entered Level 1 of the Orcish Mines
 18185 | Orc:1    | Noticed Duvessa
 18185 | Orc:1    | Noticed Dowan
 18197 | Orc:1    | Killed Dowan
 18215 | Orc:1    | Killed Duvessa
 18486 | Orc:2    | Reached skill level 5 in Invocations
 18670 | Orc:2    | Noticed Psyche
 18676 | Orc:2    | Killed Psyche
 18950 | Orc:2    | You fall through a shaft!
 18993 | Orc:3    | Reached skill level 10 in Long Blades
 19077 | Orc:3    | Found a roughly hewn altar of Beogh.
 19621 | Orc:4    | Entered Level 4 of the Orcish Mines
 19710 | Orc:4    | Found Wopaunkao's Jewellery Emporium.
 19962 | Orc:4    | Found a staircase to the Elven Halls.
 20660 | Orc:4    | Reached skill level 13 in Dodging
 20675 | Orc:4    | Found Gaklih's Jewellery Shoppe.
 20682 | Orc:4    | Found Phaaxtur's Armour Shoppe.
 20682 | Orc:4    | Noticed an ogre mage
 20690 | Orc:4    | Killed an ogre mage
 20690 | Orc:4    | Reached XP level 13. HP: 93/97 MP: 26/26
 20960 | Orc:4    | Found Lankukhu's Assorted Antiques.
 20968 | Orc:4    | Found Duyfasimn's Weapon Shop.
 21341 | Orc:4    | Bought a +0 hat of magic resistance for 176 gold pieces
 21754 | Orc:1    | Noticed Snorg
 21824 | Orc:1    | Killed Snorg
 22426 | D:4      | Bought the amulet of the Median {Gourm rF+ rC++ Str+2 Slay+5} for 867 gold pieces
 22426 | D:4      | Bought the ring of Yteanlel {SustAb rF+ Dex+4} for 399 gold pieces
 23240 | Lair:4   | Identified a scroll of acquirement
 25598 | Lair:6   | Reached skill level 14 in Dodging
 26006 | Lair:6   | Found a runed door.
 26008 | Lair:6   | Found a viscous altar of Jiyva.
 26016 | Lair:6   | Found a staircase to the Slime Pits.
 26054 | Lair:6   | Learned a level 2 spell: Blink
 26057 | Lair:6   | Learned a level 2 spell: Shroud of Golubria
 26220 | Lair:6   | Reached XP level 14. HP: 85/106 MP: 28/28
 26730 | Lair:7   | Reached skill level 1 in Charms
 26871 | Lair:7   | Reached skill level 1 in Translocations
 27136 | Lair:7   | Got a dazzling leather armour
 27833 | Lair:8   | Entered Level 8 of the Lair of Beasts
 28828 | Lair:8   | Reached skill level 5 in Charms
 29986 | Lair:8   | Reached XP level 15. HP: 114/114 MP: 29/29
 30353 | Lair:7   | Reached skill level 15 in Dodging
 30530 | Lair:1   | Identified the +0 leather armour "Schotur" {MR++ rCorr Dex+4 Stlth-} (You found it on level 7 of the Lair of Beasts)
 30690 | D:11     | Noticed a skeletal warrior
 30691 | D:11     | Noticed a skeletal warrior
 30704 | D:11     | Killed a skeletal warrior
 30709 | D:11     | Killed a skeletal warrior
 30971 | Orc:4    | Bought a +0 scale mail of poison resistance for 128 gold pieces
 31250 | D:13     | Noticed Harold
 31260 | D:13     | Killed Harold
 31260 | D:13     | Reached skill level 10 in Armour
 31987 | D:13     | Found a portal to a secret trove of treasure.
 32406 | Swamp:1  | Entered Level 1 of the Swamp
 32462 | Swamp:1  | Found a white marble altar of Elyvilon.
 33000 | Swamp:1  | Got a pitted leather armour
 33243 | Swamp:1  | Reached skill level 5 in Translocations
 35164 | Swamp:3  | Noticed a tentacled monstrosity
 35176 | Swamp:3  | Killed a tentacled monstrosity
 35471 | Swamp:3  | Noticed a thorn hunter
 35475 | Swamp:3  | Reached skill level 15 in Fighting
 35491 | Swamp:3  | Killed a thorn hunter
 37394 | Swamp:4  | Reached XP level 16. HP: 82/122 MP: 30/30
 38055 | Swamp:5  | Entered Level 5 of the Swamp
 39880 | Swamp:5  | Reached skill level 16 in Dodging
 40058 | Swamp:5  | Reached skill level 10 in Charms
 40092 | Swamp:5  | Noticed the 27-headed Lernaean hydra
 41017 | Swamp:5  | Got a decaying rune of Zot
 41272 | Snake:1  | Entered Level 1 of the Snake Pit
 42397 | Snake:1  | Identified the +3 leather armour of the Fiend {*Tele rF+ Str+3 Dex+2} (You found it on level 1 of the Swamp)
 42504 | Snake:1  | Reached skill level 1 in Spellcasting
 42966 | Snake:2  | Noticed Frances
 43591 | Snake:2  | Killed Frances
 44925 | Snake:3  | Reached XP level 17. HP: 129/129 MP: 31/31
 46302 | Snake:4  | Noticed Saint Roka
 46695 | Snake:4  | Killed Saint Roka
 46695 | Snake:4  | Reached skill level 5 in Evocations
 47427 | Snake:4  | Noticed Vashnia
 47448 | Snake:4  | Killed Vashnia
 48668 | Snake:5  | Entered Level 5 of the Snake Pit
 50254 | Snake:5  | Reached skill level 5 in Stealth
 50397 | Snake:5  | Reached skill level 15 in Long Blades
 50607 | Snake:5  | Reached skill level 17 in Dodging
 50747 | Snake:5  | Reached XP level 18. HP: 115/137 MP: 31/31
 52372 | Snake:5  | Reached skill level 5 in Spellcasting
 52621 | Snake:5  | Got a serpentine rune of Zot
 53592 | D:11     | Killed a 15-headed hydra
 53631 | D:12     | Bought a book of Enchantments for 900 gold pieces
 53639 | D:12     | Learned a level 6 spell: Haste
 53864 | D:4      | Bought a wand of teleportation (4) for 288 gold pieces
 54245 | D:14     | Learned a level 5 spell: Silence
 54252 | D:14     | Learned a level 6 spell: Deflect Missiles
 54260 | D:14     | Learned a level 4 spell: Cause Fear
 54328 | D:14     | Noticed Kirke
 54344 | D:14     | Killed Kirke
 54348 | D:14     | Found a gate to the Vaults.
 54546 | D:14     | Found a sacrificial altar of Ru.
 54547 | D:14     | Found a glowing golden altar of the Shining One.
 54725 | D:14     | Found a shattered altar of Ashenzari.
 54728 | D:14     | Noticed Josephine
 54747 | D:14     | Killed Josephine
 55092 | Vaults:1 | Entered Level 1 of the Vaults
 55459 | Vaults:1 | Reached XP level 19. HP: 89/144 MP: 34/34
 56066 | Vaults:1 | Got a faintly glowing robe
 57594 | Vaults:2 | Found a staircase to the Crypt.
 59677 | Vaults:3 | Reached skill level 18 in Fighting
 60552 | Vaults:4 | Found Trohel's Distillery.
 60558 | Vaults:4 | Bought a potion of agility for 76 gold pieces
 60558 | Vaults:4 | Bought 2 potions of agility for 152 gold pieces
 60558 | Vaults:4 | Bought a potion of restore abilities for 95 gold pieces
 60558 | Vaults:4 | Bought a potion of might for 76 gold pieces
 60558 | Vaults:4 | Bought 2 potions of ambrosia for 304 gold pieces
 60677 | Vaults:4 | Reached XP level 20. HP: 147/153 MP: 36/36
 60904 | Vaults:4 | Identified Ukhoitt's Reference Book on Dusty Transmigration (You found it on level 4 of the Vaults)
 61688 | Vaults:4 | Gained mutation: Your muscles are strong. (Str +2) [mutagenic glow]
 62018 | Vaults:4 | Identified the +0 robe of the Ten Moons {-Cast rPois+ rF+ rN+ rCorr} (You found it on level 1 of the Vaults)
 62821 | Vaults:4 | Reached skill level 19 in Fighting
 62840 | Vaults:4 | Identified the Incunabulum of Bewitchment (You found it on level 4 of the Vaults)
 62944 | Vaults:4 | Identified the Compendium of Feathers and Arcane Weapons (You found it on level 4 of the Vaults)
 62948 | Vaults:4 | Learned a level 2 spell: Repel Missiles
 62979 | Vaults:4 | Upgraded the game from 0.16-a0-3708-g05dc7d7 to 0.16-a0-3714-geb26cbe
 63002 | Vaults:5 | Entered Level 5 of the Vaults
 63112 | Vaults:5 | Noticed an ancient lich
 63525 | Vaults:5 | HP: 5/156 [ettin/dire flail (34)]
 63525 | Vaults:5 | Zin protects you from harm!
 63599 | Vaults:5 | Reached XP level 21. HP: 33/162 MP: 32/38
 63698 | Vaults:5 | Killed an ancient lich
 63937 | Vaults:5 | Noticed an ancient lich
 63973 | Vaults:5 | Zin protects you from harm!
 64127 | Vaults:5 | Noticed a golden dragon
 64394 | Vaults:5 | Killed a golden dragon
 64818 | Vaults:5 | Reached skill level 1 in Hexes
 64826 | Vaults:5 | Noticed a golden dragon
 64836 | Vaults:5 | Reached skill level 10 in Spellcasting
 64843 | Vaults:5 | Killed a golden dragon
 65086 | Vaults:5 | Identified the Incunabulum of Displacement and Evil Secrets
 65095 | Vaults:5 | Identified Sif Muna's Lost Secrets of Secret Knowledge
 65113 | Vaults:5 | Learned a level 3 spell: Flight
 65116 | Vaults:5 | Learned a level 2 spell: Swiftness
 65118 | Vaults:5 | Learned a level 1 spell: Apportation
 65131 | Vaults:5 | Got an encrusted chain mail
 65134 | Vaults:5 | Got a pitted ring mail
 65146 | Vaults:5 | Identified the cursed -2 chain mail of Pamar {Slay+6} (You found it on level 5 of the Vaults)
 65157 | Vaults:5 | Identified the +0 ring mail of Vustyono {rElec rF- Int+4} (You found it on level 5 of the Vaults)
 65254 | Vaults:5 | Got a transparent turquoise ring
 66083 | Vaults:5 | Killed an ancient lich
 66621 | Vaults:5 | Reached XP level 22. HP: 151/170 MP: 39/39
 66673 | Vaults:5 | Got a warped demon blade
 66847 | Vaults:5 | Identified the ring "Zoynyli" {MP-9 Str+4 Int+3 SInv} (You took it off a deep elf fighter on level 5 of the Vaults)
 67345 | Vaults:5 | Identified the +11 demon blade of the Unseen Realm {slice, Str+4 Int+2} (You took it off a vault guard on level 5 of the Vaults)
 67350 | Vaults:5 | Got a distressingly furry helmet
 67361 | Vaults:5 | Identified the +2 helmet of Mirth {rPois- rF- MR+ Regen+ Str+4 Int+4} (You found it on level 5 of the Vaults)
 67374 | Vaults:5 | Got a silver rune of Zot
 67399 | Vaults:5 | Learned a level 9 spell: Tornado
 68312 | Vaults:5 | Got a steaming leather armour
 68326 | Vaults:5 | Identified the +1 leather armour of the Five Beds {rF+ Str+3} (You took it off a deep elf knight on level 5 of the Vaults)
 68544 | Vaults:5 | Got a bloodstained falchion
 68548 | Vaults:5 | Identified the +9 falchion "Johnny's Regret" {speed, *Rage +Inv rPois+ MR+ Dex-3 SInv} (You took it off a vault guard on level 5 of the Vaults)
 68644 | Vaults:4 | Bought a potion of magic for 152 gold pieces
 68701 | Vaults:3 | Reached skill level 1 in Air Magic
 68931 | D:13     | You paid a toll of a +11 demon blade to enter a treasure trove
 68932 | Trove    | Entered a treasure trove
 69039 | D:12     | Bought a potion of might for 72 gold pieces
 69212 | Elf:1    | Entered Level 1 of the Elven Halls
 69538 | Elf:1    | Reached skill level 20 in Fighting
 69927 | Elf:1    | Noticed Urug
 69945 | Elf:1    | Killed Urug
 70431 | Elf:2    | Noticed Norris
 70453 | Elf:2    | Killed Norris
 70726 | Elf:2    | Found a runed gate.
 70727 | Elf:2    | Found a runed gate.
 70727 | Elf:2    | Found a runed gate.
 70922 | Elf:2    | Reached skill level 5 in Air Magic
 71290 | Elf:3    | Entered Level 3 of the Elven Halls
 71425 | Elf:3    | Found Praerch's General Store.
 71425 | Elf:3    | Noticed Wiglaf
 71447 | Elf:3    | Killed Wiglaf
 72254 | Elf:3    | Reached XP level 23. HP: 174/177 MP: 35/41
 73354 | Elf:3    | Identified Ysimn's Compendium of Good Luck
 73367 | Elf:3    | Identified the Grimoire of the Entourage
 73370 | Elf:3    | Learned a level 1 spell: Summon Butterflies
 73387 | Elf:3    | Got a distressingly furry leather armour
 73414 | Elf:3    | Identified the +3 leather armour of Dishonesty {rN+} (You found it on level 3 of the Elven Halls)
 73487 | Elf:3    | Got a crude chain mail
 73498 | Elf:3    | Identified the +2 chain mail of Mental Paralysis {rElec} (You took it off a deep elf high priest on level 3 of the Elven Halls)
 74182 | D:15     | Entered Level 15 of the Dungeon
 74687 | D:15     | Found Ilorr's Blood Bar.
 74896 | D:15     | Found a staircase to the Depths.
 75277 | Depths:1 | Entered Level 1 of the Depths
 75622 | Depths:1 | Found a gateway to Hell.
 75731 | Depths:1 | Noticed the Enchantress
 76037 | Depths:1 | Found a one-way gate leading to the halls of Pandemonium.
 76140 | Depths:1 | Reached skill level 10 in Air Magic
 76637 | Depths:1 | Killed the Enchantress
 76646 | Depths:1 | Got a faerie dragon armour
 76662 | Depths:1 | Identified the +2 faerie dragon armour {rF++ Str+4} (You took it off the Enchantress on level 1 of the Depths)
 77695 | Depths:2 | Got an aquamarine-encrusted scale mail
 77761 | Depths:1 | Identified the +5 scale mail of the Eleven Runes {rElec rPois+ Dex-3 Stlth+} (You found it on level 2 of the Depths)
 79202 | Depths:2 | Reached skill level 21 in Long Blades
 79223 | Depths:2 | Reached XP level 24. HP: 145/185 MP: 37/42
 80500 | Depths:2 | Found a one-way gate to the infinite horrors of the Abyss.
 80594 | Depths:2 | Got a transparent ring mail
 80605 | Depths:2 | Identified the +1 ring mail of the Dice {rN++ Regen+ Str+3 Dex+2 SInv} (You found it on level 2 of the Depths)
 80723 | Depths:2 | Identified Kitec's Compendium of Ignition (You found it on level 2 of the Depths)
 80914 | Depths:2 | Reached skill level 15 in Armour
 81020 | Depths:2 | Got a flickering silver amulet
 81021 | Depths:2 | Identified the amulet "Fudgh" {Inacc Str+3 Int+3} (You found it on level 2 of the Depths)
 81480 | Depths:3 | Paralysed by a giant eyeball for 3 turns
 83831 | Depths:3 | Found Qoiloit's Antique Armour Emporium.
 84161 | Depths:3 | Reached XP level 25. HP: 183/192 MP: 43/43
 84467 | Depths:3 | Got a steaming scale mail
 84478 | Depths:3 | Identified the cursed -4 scale mail of Beauty {rF++ Int-2} (You found it on level 3 of the Depths)
 84694 | Depths:3 | Got a faintly humming leather armour
 84705 | Depths:3 | Identified the +0 leather armour "Twucant" {+Blink MR+} (You found it on level 3 of the Depths)
 84728 | Depths:3 | Noticed Margery
 84749 | Depths:3 | Killed Margery
 84774 | Depths:3 | Got a shimmering ivory ring
 85127 | Depths:3 | Got a sparkling lapis lazuli ring
 85131 | Depths:3 | Identified a ring of Jaerphicka {*Tele rPois- rF+ MR+ Str+1} (You took it off a vampire knight on level 3 of the Depths)
 85133 | Depths:3 | Identified the ring of Smoex {Fire rPois+ MR+ MP+9 Stlth+} (You found it on level 3 of the Depths)
 85173 | Depths:3 | Found a gateway to a ziggurat.
 85196 | Depths:3 | Got a scorched copper ring
 85199 | Depths:3 | Identified the ring of Jounam {rPois+ rC- Str+3 Int+2 Slay+6 Stlth+} (You found it on level 3 of the Depths)
 85454 | Depths:3 | Found Festag's Antique Armour Emporium.
 85470 | Depths:3 | Bought a runed cloak for 171 gold pieces
 85470 | Depths:3 | Bought a topaz-encrusted scale mail for 342 gold pieces
 85470 | Depths:3 | Bought a twisted buckler for 361 gold pieces
 85470 | Depths:3 | Bought a shimmering scale mail for 342 gold pieces
 85502 | Depths:3 | Identified the +2 scale mail "Zepaapru" {rC++ rN++} (You bought it in a shop on level 3 of the Depths)
 85508 | Depths:3 | Identified the +3 buckler "Rafab" {rPois+ rF+ Regen+ Dex-3 Stlth+} (You bought it in a shop on level 3 of the Depths)
 85522 | Depths:3 | Identified the +5 scale mail of the Princeling {+Inv +Fly rF+ HP-9} (You bought it in a shop on level 3 of the Depths)
 85580 | Depths:4 | Noticed Boris
 85596 | Depths:4 | Killed Boris
 85596 | Depths:4 | Reached skill level 22 in Dodging
 85605 | Depths:4 | Reached skill level 15 in Air Magic
 85607 | Depths:4 | Noticed Mennas
 86168 | Depths:3 | Killed Mennas
 86201 | Depths:3 | Reached skill level 15 in Spellcasting
 86485 | Depths:4 | Noticed Frederick
 86497 | Depths:4 | Killed Frederick
 87929 | Depths:5 | Entered Level 5 of the Depths
 88334 | Depths:5 | Found a gate to the Realm of Zot.
 88949 | Zot:1    | Entered Level 1 of the Realm of Zot
 90016 | Zot:2    | Reached XP level 26. HP: 185/200 MP: 45/45
 91968 | Zot:3    | Reached skill level 23 in Dodging
 93824 | Zot:5    | Entered Level 5 of the Realm of Zot
 94824 | Zot:5    | Noticed an orb of fire
 95468 | Zot:5    | Noticed an ancient lich
 95476 | Zot:5    | Killed an ancient lich
 95533 | Zot:5    | Reached XP level 27. HP: 193/207 MP: 46/46
 95551 | Zot:5    | Noticed an ancient lich
 95559 | Zot:5    | Killed an ancient lich
 95857 | Zot:5    | Killed an orb of fire
 96292 | Zot:5    | Noticed an orb of fire
 96325 | Zot:5    | Killed an orb of fire
 96615 | Zot:5    | Noticed an ancient lich
 96629 | Zot:5    | Killed an ancient lich
 96642 | Zot:5    | Noticed an ancient lich
 96666 | Zot:5    | Killed an ancient lich
 97425 | Zot:5    | Noticed an ancient lich
 97444 | Zot:5    | Killed an ancient lich
 98327 | Zot:5    | Noticed an orb of fire
 98341 | Zot:5    | Killed an orb of fire
 99550 | D:4      | Bought a wand of heal wounds (7) for 792 gold pieces
 99550 | D:4      | Bought a phial of floods for 480 gold pieces
 99550 | D:4      | Bought a lamp of fire for 480 gold pieces
 99550 | D:4      | Bought a phial of floods for 480 gold pieces
 99562 | D:4      | Bought a slice of pizza for 16 gold pieces
 99562 | D:4      | Bought a scroll of enchant weapon for 82 gold pieces
 99957 | Slime:1  | Entered Level 1 of the Pits of Slime
101491 | Slime:4  | Reached skill level 10 in Invocations
102348 | Slime:6  | Entered Level 6 of the Pits of Slime
102734 | Slime:6  | Noticed the royal jelly
102754 | Slime:6  | Noticed Dissolution
102969 | Slime:6  | Killed Dissolution
103633 | Slime:6  | Reached skill level 24 in Air Magic
103702 | Slime:6  | Found a viscous altar of Jiyva.
103723 | Slime:6  | Killed the royal jelly
103784 | Slime:6  | Identified Sif Muna's Volume of Summoning (You found it on level 6 of the Pits of Slime)
103787 | Slime:6  | Got a shimmering bronze ring
103793 | Slime:6  | Identified the ring "Griaj" {rC+ Str+5 Int+3} (You found it on level 6 of the Pits of Slime)
103804 | Slime:6  | Got a translucent ivory amulet
103817 | Slime:6  | Identified the amulet "Khotein" {Stasis rF+ rC+ MR++} (You found it on level 6 of the Pits of Slime)
103904 | Slime:6  | Got a slimy rune of Zot
103930 | Slime:6  | Got an ancient rapier
103941 | Slime:6  | Identified the +1 rapier of the Old World {pierce, +Rage Str-4 Dex+3} (You found it on level 6 of the Pits of Slime)
104508 | Crypt:1  | Entered Level 1 of the Crypt
104853 | Crypt:1  | Noticed Agnes
104971 | Crypt:1  | Killed Agnes
105078 | Crypt:1  | Noticed Donald
105089 | Crypt:1  | Killed Donald
106692 | Crypt:3  | Entered Level 3 of the Crypt
107572 | Crypt:3  | Got a warped great sword
107574 | Crypt:3  | Got a steaming shield
107578 | Crypt:3  | Identified the +7 great sword of Azoeseot {venom, rPois+ rC++ MP+9 Dex-4} (You found it on level 3 of the Crypt)
107579 | Crypt:3  | Identified the +4 shield "Qemmeere" {rF+ HP+9 Str+2} (You found it on level 3 of the Crypt)
107872 | Crypt:3  | Reached skill level 25 in Air Magic
107923 | Crypt:3  | Found a staircase to the Tomb.
107982 | Crypt:3  | Found an ancient bone altar of Kikubaaqudgha.
108228 | Crypt:3  | Noticed an ancient lich
108234 | Crypt:3  | Killed an ancient lich
108915 | Tomb:1   | Entered Level 1 of the Tomb of the Ancients
109525 | Tomb:1   | Noticed an ancient lich
110165 | Tomb:1   | Noticed an ancient lich
110176 | Tomb:1   | Killed an ancient lich
110176 | Tomb:1   | Reached skill level 15 in Invocations
111434 | D:4      | Bought the ring "Igramat" {+cTele rC+ rN+ Slay+5} for 892 gold pieces
111896 | Depths:2 | Voluntarily entered the Abyss.
112373 | Abyss:1  | Found a corrupted altar of Lugonu.
112513 | Abyss:1  | Learned a level 6 spell: Invisibility
112693 | Depths:2 | Escaped the Abyss
112702 | Depths:2 | Voluntarily entered the Abyss.
112709 | Abyss:1  | Got a brightly glowing helmet
112950 | Abyss:1  | Found a deep blue altar of Sif Muna.
113792 | Abyss:3  | Identified the cursed +0 helmet of Hadjma {MR+ Str+4 Dex-2 SInv} (You found it on level 1 of the Abyss)
114387 | Abyss:3  | Found a corrupted altar of Lugonu.
114517 | Abyss:3  | Found a corrupted altar of Lugonu.
114751 | Abyss:4  | Found a corrupted altar of Lugonu.
115243 | Abyss:4  | Found a corrupted altar of Lugonu.
116584 | Abyss:4  | Found a corrupted altar of Lugonu.
116727 | Abyss:4  | Found a corrupted altar of Lugonu.
117197 | Abyss:4  | Got an abyssal rune of Zot
117468 | Depths:2 | Escaped the Abyss
117476 | Depths:2 | Upgraded the game from 0.16-a0-3714-geb26cbe to 0.16-a0-3724-gf14d081
117483 | Depths:2 | Learned a level 6 spell: Mass Confusion
117786 | Pan      | Entered Pandemonium
117815 | Pan      | Noticed a seraph
118705 | Pan      | Found a glowing silver altar of Zin.
119800 | Pan      | Got a polished large shield
120391 | Pan      | Reached skill level 26 in Air Magic
121422 | Pan      | Found a white marble altar of Elyvilon.
121504 | Pan      | Gained mutation: You tend to lose your temper in combat. [mutagenic glow]
121882 | Pan      | Identified the +0 large shield of Inviolability {+Blink rCorr Str-4} (You took it off a daeva in Pandemonium)
121892 | Pan      | Got a dazzling shield
121898 | Pan      | Identified the +4 shield of Jigsaw {Int+3 Dex+3} (You found it in Pandemonium)
122422 | Pan      | Reached skill level 10 in Stealth
123044 | Pan      | Found a glowing golden altar of the Shining One.
123048 | Pan      | Reached skill level 10 in Evocations
123054 | Pan      | Gained mutation: You have difficulty communicating with the divine. [mutagenic glow]
123407 | Pan      | Killed a seraph
123589 | Pan      | Gained mutation: Scrolls take you a little longer to read. [mutagenic glow]
123703 | Pan      | Gained mutation: Armour fits poorly on your strangely shaped body. [mutagenic glow]
123705 | Pan      | Lost mutation: You have difficulty communicating with the divine. [potion of cure mutation]
123705 | Pan      | Lost mutation: Your muscles are strong. (Str +2) [potion of cure mutation]
123705 | Pan      | Lost mutation: You tend to lose your temper in combat. [potion of cure mutation]
123705 | Pan      | Lost mutation: Scrolls take you a little longer to read. [potion of cure mutation]
123706 | Pan      | Lost mutation: Armour fits poorly on your strangely shaped body. [potion of cure mutation]
123742 | Pan      | Identified the Papyrus of Conjuration
123746 | Pan      | Got a demonic rune of Zot
123756 | Pan      | Identified Lee's Almanac of Confrontation (You found it in Pandemonium)
124043 | Pan      | Found an exit through the horrors of the Abyss.
124321 | Pan      | Noticed Utuovick the pandemonium lord
124420 | Pan      | Killed Utuovick the pandemonium lord
124705 | Pan      | Took an exit into the Abyss.
124705 | Abyss:1  | Escaped into the Abyss
124762 | Depths:1 | Escaped the Abyss
125019 | Pan      | Entered Pandemonium
125168 | Pan      | Noticed Syixy the pandemonium lord
125185 | Pan      | Killed Syixy the pandemonium lord
125608 | Pan      | Found an exit through the horrors of the Abyss.
126873 | Pan      | Got an encrusted ring mail
126938 | Pan      | Found an exit through the horrors of the Abyss.
126971 | Pan      | Identified the +1 ring mail "Frai" {Dex+3} (You took it off a monstrous demonspawn in Pandemonium)
127200 | Pan      | Noticed Coniuc the pandemonium lord
127219 | Pan      | Killed Coniuc the pandemonium lord
127244 | Pan      | Entered the realm of Mnoleg.
127605 | Pan      | Noticed Mnoleg
127632 | Pan      | Killed Mnoleg
127662 | Pan      | Got a glowing rune of Zot
127828 | Pan      | Found an exit through the horrors of the Abyss.
128359 | Pan      | Found an exit through the horrors of the Abyss.
128455 | Pan      | Noticed Bumiar the pandemonium lord
128496 | Pan      | Killed Bumiar the pandemonium lord
128789 | Pan      | Noticed Smumoiz the pandemonium lord
128803 | Pan      | Reached skill level 27 in Air Magic
128838 | Pan      | Killed Smumoiz the pandemonium lord
129056 | Pan      | Found an exit through the horrors of the Abyss.
129346 | Pan      | Noticed Senitsut the pandemonium lord
129361 | Pan      | Killed Senitsut the pandemonium lord
129550 | Pan      | Found an exit through the horrors of the Abyss.
130097 | Pan      | Learned a level 2 spell: Confusing Touch
130368 | Pan      | Found an exit through the horrors of the Abyss.
131338 | Pan      | Noticed Mnuanler the pandemonium lord
131405 | Pan      | Killed Mnuanler the pandemonium lord
131458 | Pan      | Entered the realm of Lom Lobon.
131682 | Pan      | Found an exit through the horrors of the Abyss.
132173 | Pan      | Reached skill level 15 in Stealth
132397 | Pan      | Noticed Lom Lobon
132500 | Pan      | Killed Lom Lobon
132522 | Pan      | Got a magical rune of Zot
132924 | Pan      | Found an exit through the horrors of the Abyss.
133004 | Pan      | Noticed Byoneole the pandemonium lord
133482 | Pan      | Noticed Zaeboz the pandemonium lord
134179 | Pan      | Found an exit through the horrors of the Abyss.
134919 | Pan      | Noticed Nevihu Tizo the pandemonium lord
134941 | Pan      | Killed Nevihu Tizo the pandemonium lord
135225 | Pan      | Found an exit through the horrors of the Abyss.
135253 | Pan      | Got a polished buckler
135265 | Pan      | Identified the +1 buckler "Khastiti" {rPois+ Int+2 Dex+4 Slay-5} (You acquired it in Pandemonium)
135445 | Depths:1 | Escaped Pandemonium
135454 | Pan      | Entered the realm of Gloorx Vloq.
135454 | Pan      | Entered Pandemonium
135454 | Pan      | Found an exit through the horrors of the Abyss.
136048 | Pan      | Noticed Gloorx Vloq
136294 | Pan      | Killed Gloorx Vloq
136317 | Pan      | Got a dark rune of Zot
136604 | Pan      | Entered the realm of Cerebov.
136970 | Pan      | Found an exit through the horrors of the Abyss.
137262 | Pan      | Noticed Cerebov
137951 | Pan      | Killed Cerebov
138005 | Pan      | Identified Iskenderun's Handbook of Combat Magic and Air
138010 | Pan      | Got a slimy dagger
138050 | Pan      | Got a fiery rune of Zot
138145 | Pan      | Took an exit into the Abyss.
138145 | Abyss:1  | Escaped into the Abyss
138220 | Depths:1 | Escaped the Abyss
138260 | Hell     | Entered the Vestibule of Hell
138260 | Hell     | Noticed Geryon
138388 | Hell     | Killed Geryon
138417 | Hell     | Reached skill level 27 in Invocations
138735 | Hell     | Found a gateway to the decaying netherworld of Tartarus.
138824 | Tar:1    | Entered Level 1 of Tartarus
139886 | Tar:7    | Entered Level 7 of Tartarus
139886 | Tar:7    | Noticed Ereshkigal
139905 | Tar:7    | Killed Ereshkigal
139929 | Tar:7    | Got a bone rune of Zot
142456 | Tar:7    | Got a wavering tin ring
142458 | Tar:7    | Got an encrusted ring mail
142460 | Tar:7    | Identified a ring "Luomaloa" {rPois+ rF+ Str+2 Slay-4} (You found it on level 7 of Tartarus)
142461 | Tar:7    | Identified the cursed -4 ring mail of Twin {rF- MR+ SInv} (You found it on level 7 of Tartarus)
142462 | Tar:7    | Identified the +6 dagger "Giantbane" {pierce, rN++ Dex+4} (You found it in Pandemonium)
142581 | Hell     | Found a gateway to the Iron City of Dis.
142589 | Dis:1    | Entered Level 1 of the Iron City of Dis
144071 | Dis:7    | Entered Level 7 of the Iron City of Dis
144886 | Dis:7    | Reached skill level 15 in Evocations
144958 | Dis:7    | Gained mutation: Your body is slowly deteriorating. [mutagenic glow]
145023 | Dis:7    | Gained mutation: You are frail (-10% HP). [mutagenic glow]
145024 | Dis:7    | Lost mutation: You are frail (-10% HP). [potion of cure mutation]
145024 | Dis:7    | Lost mutation: Your body is slowly deteriorating. [potion of cure mutation]
145318 | Dis:7    | Noticed the Serpent of Hell
145473 | Dis:7    | Killed the Serpent of Hell
145705 | Dis:7    | Got a heavily runed diamond amulet
145996 | Dis:7    | Noticed Dispater
146403 | Dis:7    | Got a bound brass ring
146871 | Dis:7    | Gained mutation: You are weak. (Str -2) [mutagenic glow]
146980 | Dis:7    | Gained mutation: You are dopey. (Int -2) [mutagenic glow]
147339 | Dis:7    | Killed Dispater
147380 | Dis:7    | Gained mutation: Your body is slowly deteriorating. [mutagenic glow]
147459 | Dis:7    | Got an iron rune of Zot
147736 | Dis:7    | Got a smoking rapier
147738 | Dis:7    | Got a heavily jewelled robe
147760 | Dis:7    | Identified the +4 rapier of Intuition {pierce, +Rage rPois+ Str+3 Int+4} (You found it on level 7 of the Iron City of Dis)
147761 | Dis:7    | Identified the cursed -3 robe "Pops" {+Blink +Fly rElec rPois- rF+ Str+4 Stlth-} (You found it on level 7 of the Iron City of Dis)
147762 | Dis:7    | Identified the ring of Wonder {rPois+ rN+ Str-2 Int+2} (You found it on level 7 of the Iron City of Dis)
147767 | Dis:7    | Got a bronze scale mail
147774 | Dis:7    | Got a smoking cloak
147782 | Dis:7    | Identified the amulet of the City {Spirit rPois+ rF+ Str-4 Int+4 Slay+3} (You found it on level 7 of the Iron City of Dis)
147796 | Dis:7    | Identified the +2 cloak of Hairiness {rC- HP+9} (You found it on level 7 of the Iron City of Dis)
148091 | Hell     | Identified the +1 scale mail of Akukhi {+Inv rN- HP-9 Int+4 SInv} (You found it on level 7 of the Iron City of Dis)
148120 | Hell     | Found a gateway to the freezing wastes of Cocytus.
148129 | Coc:1    | Entered Level 1 of Cocytus
148195 | Coc:1    | You fall through a shaft!
148882 | Coc:5    | Lost mutation: You are weak. (Str -2) [potion of cure mutation]
148882 | Coc:5    | Lost mutation: Your body is slowly deteriorating. [potion of cure mutation]
148882 | Coc:5    | Lost mutation: You are dopey. (Int -2) [potion of cure mutation]
149437 | Coc:7    | Entered Level 7 of Cocytus
150382 | Coc:7    | Noticed Antaeus
151463 | Coc:7    | Got an icy rune of Zot
151507 | Coc:7    | Killed Antaeus
151509 | Coc:7    | Got a flickering platinum amulet
151511 | Coc:7    | Identified Alistair's Grimoire of Destructive Poisoning
151514 | Coc:7    | Got a crude leather armour
151901 | Hell     | Found a gateway to the ashen valley of Gehenna.
151908 | Geh:1    | Entered Level 1 of Gehenna
152988 | Geh:7    | Entered Level 7 of Gehenna
153435 | Geh:7    | Identified Ixzaesh's Last Secrets of Hermeneutics
153737 | Geh:7    | Noticed Asmodeus
153752 | Geh:7    | Killed Asmodeus
153757 | Geh:7    | Got an obsidian rune of Zot
153882 | Geh:7    | POSSAL NA NEOBUCHAEMIH
154173 | Depths:2 | Identified the +4 leather armour "Lun Arif" {Int-2 Dex-2 Stlth+} (You found it on level 7 of Cocytus)
154174 | Depths:2 | Identified the amulet "Toeng" {Clar MP+9} (You took it off Antaeus on level 7 of Cocytus)
154741 | Tomb:1   | Learned a level 2 spell: Cure Poison
155340 | Tomb:1   | Was placed under penance by Zin
155602 | Tomb:1   | Was forgiven by Zin
155729 | Tomb:2   | Reached skill level 5 in Hexes
156643 | Tomb:1   | Reached skill level 27 in Long Blades
158026 | Tomb:3   | Entered Level 3 of the Tomb of the Ancients
158696 | Tomb:2   | Reached skill level 15 in Charms
159176 | Tomb:3   | Noticed Jory
159307 | Tomb:3   | Killed Jory
159573 | Tomb:3   | Noticed Khufu
159915 | Tomb:3   | Killed Khufu
159990 | Tomb:3   | Got a twitching copper ring
160047 | Tomb:3   | Got a golden rune of Zot
161194 | Zot:5    | Got the Orb of Zot
161241 | Zot:5    | Noticed Shryegecsy the pandemonium lord
161250 | Zot:5    | Killed Shryegecsy the pandemonium lord
161785 | D:8      | Bought a bloodstained plate armour for 756 gold pieces
161785 | D:8      | Bought a scroll of recharging for 256 gold pieces
161786 | D:8      | Noticed Straegg the pandemonium lord
161866 | D:6      | Gained mutation: You have supernaturally acute eyesight. [mutagenic glow]
161927 | D:8      | Killed Straegg the pandemonium lord
162006 | D:6      | Noticed Iteuhuss the pandemonium lord
162158 | D:1      | Noticed Ghyri the pandemonium lord
162168 | D:1      | Killed Ghyri the pandemonium lord
162249 | D:1      | Gained mutation: You are frail (-10% HP). [mutagenic glow]
162287 | D:1      | Lost mutation: You have supernaturally acute eyesight. [potion of cure mutation]
162287 | D:1      | Lost mutation: You are frail (-10% HP). [potion of cure mutation]
162297 | D:$      | Escaped with the Orb!

Action                   |  1- 3 |  4- 6 |  7- 9 | 10-12 | 13-15 | 16-18 | 19-21 | 22-24 | 25-27 || total
-------------------------+-------+-------+-------+-------+-------+-------+-------+-------+-------++-------
Melee: Short sword       |   149 |   222 |       |       |       |       |       |       |       ||   371
       Great sword       |       |    30 |   372 |   917 |  1366 |  1685 |  1697 |  2233 |  3647 || 11947
       Falchion          |       |       |       |       |       |       |       |    26 |       ||    26
       Triple sword      |       |       |       |       |       |       |       |    54 |       ||    54
       Double sword      |       |       |       |       |       |       |       |    45 |   927 ||   972
       Eudemon blade     |       |       |       |       |       |       |       |       |  6129 ||  6129
       Long sword        |       |       |       |       |       |       |       |       |   890 ||   890
Throw: Javelin           |       |       |       |       |     1 |       |       |       |       ||     1
 Cast: Blink             |       |       |       |       |       |     6 |     3 |     9 |    64 ||    82
       Haste             |       |       |       |       |       |       |    16 |    26 |   158 ||   200
       Repel Missiles    |       |       |       |       |       |       |       |     4 |     8 ||    12
       Flight            |       |       |       |       |       |       |       |     1 |    37 ||    38
       Shroud of Golubri |       |       |       |       |       |       |       |     2 |    15 ||    17
       Tornado           |       |       |       |       |       |       |       |       |    47 ||    47
       Confusing Touch   |       |       |       |       |       |       |       |       |     2 ||     2
       Silence           |       |       |       |       |       |       |       |       |     1 ||     1
Invok: Vitalisation      |       |       |       |     2 |    17 |    26 |    14 |    13 |    54 ||   126
       Imprison          |       |       |       |     1 |     2 |       |       |       |     4 ||     7
       Recite            |       |       |       |    12 |     5 |     7 |     4 |     4 |   204 ||   236
       Sanctuary         |       |       |       |       |       |     4 |     4 |     2 |    30 ||    40
 Abil: Evoke Invisibilit |       |       |       |     6 |    18 |    12 |     6 |       |       ||    42
Evoke: Wand              |     5 |    15 |    10 |    26 |    38 |    12 |       |     3 |    93 ||   202
       Stone of tremors  |       |       |       |       |     1 |     2 |       |       |       ||     3
       Fan of gales      |       |       |       |       |       |     1 |     2 |     4 |    11 ||    18
       Phantom mirror    |       |       |       |       |       |       |     1 |       |     1 ||     2
       Phial of floods   |       |       |       |       |       |       |       |       |    17 ||    17
       Lamp of fire      |       |       |       |       |       |       |       |       |    11 ||    11
       Sack of spiders   |       |       |       |       |       |       |       |       |     5 ||     5
  Use: Scroll            |     3 |     3 |     2 |    14 |    26 |    19 |    14 |    17 |    80 ||   178
       Potion            |       |       |       |     1 |     9 |    11 |    19 |     3 |    59 ||   102
 Stab: Distracted        |       |       |     1 |     1 |     2 |     6 |     7 |     4 |   119 ||   140
       Sleeping          |       |       |     1 |     1 |     1 |     6 |    13 |    18 |   139 ||   179
       Confused          |       |       |       |     6 |     6 |     2 |       |     1 |    64 ||    79
       Invisible         |       |       |       |    18 |    48 |    53 |    42 |     9 |     3 ||   173
       Paralysed         |       |       |       |     6 |     8 |       |       |       |     6 ||    20
       Petrified         |       |       |       |       |       |       |       |     4 |     3 ||     7
       Petrifying        |       |       |       |       |       |       |       |     1 |       ||     1
       Fleeing           |       |       |       |       |       |       |       |       |     1 ||     1
  Eat: Chunk             |     2 |     6 |    11 |    15 |    59 |    64 |    24 |    52 |   138 ||   371
       Beef jerky        |       |     1 |     1 |     2 |       |       |       |     1 |    17 ||    22
       Pizza             |       |     1 |     1 |     7 |     1 |       |     4 |     2 |     5 ||    21
       Fruit             |       |       |     3 |    12 |     1 |       |     5 |     9 |    24 ||    54
       Meat ration       |       |       |       |     1 |     1 |       |     2 |     1 |    22 ||    27
       Royal jelly       |       |       |       |       |       |       |       |     3 |     1 ||     4
       Bread ration      |       |       |       |       |       |       |       |       |    18 ||    18
